 Dungeon Crawl Stone Soup version 0.23-a0-612-gcb482e9 (webtiles) character file.

842 Larett the Cleaver (level 7, -1/85 HPs)
             Began as a Minotaur Berserker on Dec 21, 2018.
             Was a Priest of Trog.
             Slain by Edmund
             ... wielding a +1 dire flail of protection
              (5 damage)
             ... on level 6 of the Dungeon.
             The game lasted 00:11:18 (4263 turns).

Larett the Cleaver (Minotaur Berserker)             Turns: 4263, Time: 00:11:18

Health: -1/85      AC:  5    Str: 26    XL:     7   Next: 67%
Magic:  0/6        EV: 12    Int:  4    God:    Trog [***...]
Gold:   246        SH:  0    Dex: 12    Spells: 6/6 levels left

rFire    . . .     SeeInvis .   a - +0 war axe
rCold    . . .     Gourm    .   (no shield)
rNeg     . . .     Faith    .   V - +1 leather armour {rPois}
rPois    +         Spirit   +   (helmet restricted)
rElec    .         Reflect  .   k - scarf {Spirit}
rCorr    .         Harm     .   n - +0 pair of gloves
MR       .....                  (no boots)
Stlth    ..........             (no amulet)
HPRegen  0.24/turn              (no ring)
MPRegen  0.10/turn              (no ring)

@: berserking, very quick
A: retaliatory headbutt, horns 2
a: Berserk, Trog's Hand, Renounce Religion


You were on level 6 of the Dungeon.
You worshipped Trog.
Trog was most pleased with you.
You were very hungry.

You visited 1 branch of the dungeon, and saw 6 of its levels.

You collected 246 gold pieces.

Inventory:

Hand Weapons
 a - a +0 war axe (weapon)
 b - a +0 hunting sling
 l - a +0 arbalest
Missiles
 g - 175 stones (quivered)
 p - 21 poisoned needles
 T - 6 needles of paralysis
 X - 27 sling bullets
 Y - 6 bolts
Armour
 k - a scarf of spirit shield (worn)
 n - a +0 pair of gloves (worn)
 V - a +1 leather armour of poison resistance (worn)
 W - a +1 chain mail of fire resistance
Wands
 P - a wand of paralysis (8)
Scrolls
 d - a scroll of immolation {!r}
 R - a scroll of identify
Potions
 Q - 2 potions of curing
Comestibles
 c - 11 rations


   Skills:
 - Level 3.6 Fighting
 + Level 10.9 Axes
 - Level 2.4 Armour
 - Level 2.1 Dodging


You had 6 spell levels left.
You didn't know any spells.
Your spell library was empty.

Dungeon Overview and Level Annotations

Branches:
Dungeon (6/15)
 Temple: D:4-7

Altars:
Ashenzari
Elyvilon
Hepliaklqana
Makhleb
Qazlal
Trog
Vehumet
Zin

Annotations:
D:6 Edmund


Innate Abilities, Weirdness & Mutations

You reflexively headbutt those who attack you in melee.
You have a pair of horns on your head.


Message History

You barely miss Edmund. You headbutt Edmund!
Edmund is heavily wounded.
Edmund hits you but does no damage.
You barely miss Edmund. Your headbutt misses Edmund.
Edmund is heavily wounded.
You barely miss Edmund.
Edmund is heavily wounded.
You closely miss Edmund.
Edmund is heavily wounded.
Edmund misses you. You furiously retaliate!
You headbutt Edmund. You barely miss Edmund. You headbutt Edmund.
Edmund is heavily wounded.
You slash Edmund!
Edmund is almost dead.
Edmund hits you with a +1 dire flail of protection.
* * * LOW HITPOINT WARNING * * *
You closely miss Edmund.
Edmund is almost dead.
Edmund hits you with a +1 dire flail of protection.
You die...

# #. ... ##. #.
..# ..
...###.#.># ...
#........##...
#.%......#....
#.............
#.....@.......
#)....@.#
##.%.....#
.........#
##......<#
#............#
############..#


You could see Edmund.

Vanquished Creatures
  Grinder (D:3)
  Sigmund (D:3)
  A jelly (D:5)
  A hound (D:5)
  3 orc priests
  2 orc wizards
  An iguana (D:5)
  4 worker ants
  Robin (D:3)
  3 adders
  3 oozes
  A worm (D:5)
  2 dart slugs (D:1)
  5 leopard geckos
  11 orcs
  9 bats
  4 giant cockroaches
  14 goblins
  10 hobgoblins
  5 jackals (D:3)
  3 quokkas
  2 ball pythons
  3 frilled lizards
  9 kobolds (D:1)
  A quokka skeleton (D:4)
  9 rats
  A plant (D:1)
110 creatures vanquished.

Notes
Turn   | Place    | Note
-------+----------+-------------------------------------------
     0 | D:1      | Larett the Minotaur Berserker began the quest for the Orb.
     0 | D:1      | Reached XP level 1. HP: 19/19 MP: 0/0
    67 | D:1      | Reached skill level 4 in Axes
   163 | D:1      | Reached XP level 2. HP: 21/26 MP: 1/1
   253 | D:1      | Reached skill level 5 in Axes
   309 | D:1      | Reached XP level 3. HP: 31/31 MP: 2/2
   452 | D:1      | Reached ** piety under Trog
  1223 | D:3      | Noticed Sigmund
  1233 | D:3      | Killed Sigmund
  1233 | D:3      | Reached skill level 7 in Axes
  1233 | D:3      | Reached XP level 4. HP: 39/39 MP: 1/3
  1233 | D:3      | Reached XP level 5. HP: 45/45 MP: 1/4
  1355 | D:3      | Noticed Robin
  1359 | D:3      | Killed Robin
  1379 | D:3      | Reached skill level 8 in Axes
  1573 | D:3      | Reached XP level 6. HP: 47/51 MP: 3/5
  1670 | D:3      | Noticed Grinder
  1693 | D:3      | Killed Grinder
  1693 | D:3      | Reached skill level 9 in Axes
  1995 | D:3      | Reached XP level 7. HP: 57/57 MP: 6/6
  2028 | D:3      | Found a burning altar of Makhleb.
  2028 | D:3      | Found a glowing silver altar of Zin.
  2029 | D:3      | Noticed an angel
  2029 | D:3      | Noticed a green death
  2131 | D:3      | Reached *** piety under Trog
  2634 | D:4      | Reached skill level 10 in Axes
  2779 | D:4      | Found a bloodstained altar of Trog.
  2780 | D:4      | Found a radiant altar of Vehumet.
  2780 | D:4      | Found a hazy altar of Hepliaklqana.
  2780 | D:4      | Found a stormy altar of Qazlal.
  2788 | D:4      | Found a shattered altar of Ashenzari.
  2792 | D:4      | Found a white marble altar of Elyvilon.
  3651 | D:5      | Entered Level 5 of the Dungeon
  4233 | D:6      | Noticed Edmund
  4254 | D:6      | HP: 6/57 [Edmund/+1 dire flail of protection (10)]
  4262 | D:6      | HP: 4/85 [Edmund/+1 dire flail of protection (5)]
  4263 | D:6      | Slain by Edmund

Vault maps used:
D:1:      denvon_arrival_waterhouse, lexackson_kobold_supper
D:3:      lemuel_upstairs_altar, grunt_temple_overflow_order_and_chaos_2,
          first_ration, minmay_misc_feat_columns, uniq_sigmund, uniq_robin,
          uniq_grinder
D:4:      minmay_overflow_temple_hex
D:6:      nicolae_overflow_crystal_walls, ebering_ghost_sewer_d, uniq_edmund

Skill      XL: |  1  2  3  4  5  6  7 |
---------------+----------------------+-----
Axes           | 4 5 7 8 9 10 | 10.9
Fighting       | |  3.6
Armour         | |  2.4
Dodging        | |  2.1

Action                   |  1- 3 |  4- 6 |  7- 9 || total
-------------------------+-------+-------+-------++-------
Melee: Hand axe          |    94 |    80 |    45 ||   219
       Headbutt          |    17 |     9 |    20 ||    46
       War axe           |       |       |    47 ||    47
 Fire: Hunting sling     |       |       |     6 ||     6
Throw: Stone             |     3 |       |       ||     3
Invok: Trog's Hand       |     1 |     2 |       ||     3
       Berserk           |     1 |     1 |     1 ||     3
  Use: Scroll            |     5 |     2 |     3 ||    10
  Eat: Chunk             |     1 |     5 |     7 ||    13
Armor: Animal skin       |    16 |       |       ||    16
       Robe              |       |     5 |       ||     5
       Leather armour    |       |       |    15 ||    15
Dodge: Dodged            |    61 |    47 |    45 ||   153

Table legend:
 A = Non-vault XP
 B = Vault XP
 C = Vault XP percentage of total XP
 D = Non-vault monster count
 E = Vault monster count
 F = Vault count percentage of total count
                 A         B        C        D         E       F
            +---------+---------+-------+---------+---------+-------
      Total |     655 |     549 |  45.6 |      87 |      22 |  20.2
            +---------+---------+-------+---------+---------+-------
        D:1 |      53 |      15 |  22.1 |      25 |       8 |  24.2
        D:2 |      15 |       0 |   0.0 |       9 |       0 |   0.0
        D:3 |     139 |     534 |  79.3 |      26 |      14 |  35.0
        D:4 |     226 |       0 |   0.0 |      15 |       0 |   0.0
        D:5 |     222 |       0 |   0.0 |      12 |       0 |   0.0
            +---------+---------+-------+---------+---------+-------
